 Dungeon Crawl Stone Soup version 0.18.1-48-g4cf74bf (webtiles) character file.

104 MistressOfTheDunes the Insei (level 4, 0/35 HPs)
             Began as a Mummy Monk on June 26, 2016.
             Slain by Crazy Yiuf
             ... wielding a +3 quarterstaff of chaos
              (3 damage)
             ... on level 1 of the Dungeon.
             The game lasted 00:05:42 (3304 turns).

MistressOfTheDunes the Insei (Mummy Monk)           Turns: 3304, Time: 00:05:44

Health: 0/35       AC:  2    Str: 14    XL:     4   Next: 52%
Magic:  4/4        EV: 13    Int:  9    God:
Gold:   106        SH:  0    Dex: 15    Spells: 0 memorised, 3 levels left

rFire  x . .     SeeInvis .       - Unarmed
rCold  + . .     Gourm    .     (no armour)
rNeg   + + +     Faith    .     (no shield)
rPois  ∞         Spirit   .     e - +2 hat
rElec  .         Dismiss  .     (no cloak)
rCorr  .         Reflect  .     (no gloves)
SustAt .         Harm     .     (no boots)
MR     .....                    (no amulet)
Stlth  ++........               (no ring)
                                (no ring)

@: slowed, very slow, not resistant to hostile enchantments, unstealthy
A: no food or potions, fire vulnerability, cold resistance 1, negative energy
resistance 3, torment resistance, unbreathing
a: no special abilities


You were on level 1 of the Dungeon.
You were not hungry.

You visited 1 branch of the dungeon, and saw 2 of its levels.

You collected 106 gold pieces.


Innate Abilities, Weirdness & Mutations

You do not eat or drink.
Your flesh is vulnerable to fire.
You are immune to poison.
Your flesh is cold resistant.
You are immune to negative energy.
You are immune to unholy pain and torment.
You can survive without breathing.


   Skills:
 + Level 3.0 Fighting
 - Level 2.4 Dodging
 - Level 1.5 Stealth
 - Level 5.0 Unarmed Combat


You had 3 spell levels left.
You didn't know any spells.

Inventory:

Armour
 c - a +0 buckler
 e - a +2 hat (worn)
Scrolls
 a - 2 scrolls of identify {unknown}
 b - a scroll of recharging {unknown}
 d - a scroll of amnesia {unknown}

Dungeon Overview and Level Annotations

Branches:
Dungeon (2/15)

Altars:
Vehumet
The Shining One

Annotations:
D:1 Crazy Yiuf
D:2 Robin

▒..........%.▒
▒............▒▒▒▒▒▒▒▒▒▒
▒.....................▒
▒▒▒▒▒▒.......(....▒▒▒▒▒▒▒▒(▒
.............(....(.(....▒(▒
▒▒▒▒▒.....▒▒▒.....▒.▒..▒.▒(▒ .▒
▒.....▒ ▒▒▒▒'▒▒.▒....▒.▒
.▒▒▒▒.....▒ ▒g▒▒.▒▒.▒▒▒.▒
...▒▒.....▒▒▒▒▒▒M▒▒.▒▒.▒ ▒.▒
...▒▒▒▒.............▒▒.▒▒▒.▒
)..'.)..▒▒▒▒▒▒▒▒▒▒▒.>..((.(▒
...▒▒▒▒.▒▒▒▒▒▒▒▒▒▒▒..▒▒▒▒▒▒▒▒▒▒▒
...▒ ▒)▒▒.......▒▒........(...▒
...▒ ▒.▒▒.......▒▒.▒▒▒▒▒▒▒▒▒▒.▒
▒▒▒▒ ▒.▒▒▒▒▒'▒▒▒▒▒.▒ ▒.▒▒
▒.▒▒▒▒▒!▒▒▒▒▒.▒ ▒...
▒.............▒▒▒▒▒▒▒▒ ▒▒▒.


You could see Crazy Yiuf.


Message History

9 stones; a hunting sling; a club Crazy Yiuf flaps his cloak!
There is an open door here!
You barely miss Crazy Yiuf! Crazy Yiuf closely misses you!
You closely miss Crazy Yiuf!
Crazy Yiuf hits you with a quarterstaff of chaos!!!
You feel yourself slow down!
You pulverise Crazy Yiuf!
Crazy Yiuf is moderately wounded!
Crazy Yiuf hits you with a quarterstaff of chaos!!!
Crazy Yiuf freezes you!
You squash Crazy Yiuf like an ant!
Crazy Yiuf is moderately wounded!
Crazy Yiuf cries, "Dawk green fast!!!"
Crazy Yiuf hits you with a quarterstaff of chaos!!! * * * don't die
* * * You pummel Crazy Yiuf but do no damage!
Crazy Yiuf is moderately wounded!
Crazy Yiuf completely misses you!
You squash Crazy Yiuf like an ant!
Crazy Yiuf is moderately wounded!
Crazy Yiuf closely misses you!
Crazy Yiuf whimpers, "Ice!!!"
Crazy Yiuf closely misses you!
You closely miss Crazy Yiuf!
Crazy Yiuf is moderately wounded!
Crazy Yiuf hits you with a quarterstaff of chaos!!! * * * don't die
* * * Crazy Yiuf burns you! rip

Action                   |  1- 3 |  4- 6 || total
-------------------------+-------+-------++-------
Melee: Unarmed           |   115 |    88 ||   203
       Punch             |     4 |     1 ||     5
 Stab: Sleeping          |    10 |       ||    10
Armor: Skin              |       |     2 ||     2
Dodge: Dodged            |    75 |    81 ||   156

Vault maps used:
D:1:      dpeg_arrival_rooms_a, minmay_misc_feat_tower
D:2:      lemuel_crystal_altar, vehumet_crystals, uniq_crazy_yiuf_cottage,
          uniq_natasha, uniq_robin

Notes
Turn   | Place    | Note
--------------------------------------------------------------
     0 | D:1      | MistressOfTheDunes the Mummy Monk began the quest for the Orb.
     0 | D:1      | Reached XP level 1. HP: 18/18 MP: 1/1
   343 | D:1      | Reached XP level 2. HP: 24/24 MP: 2/2
   533 | D:1      | Reached skill level 4 in Unarmed Combat
   853 | D:1      | Reached XP level 3. HP: 25/29 MP: 3/3
  1028 | D:2      | Noticed Robin
  1504 | D:2      | Found a glowing golden altar of the Shining One.
  1544 | D:2      | Noticed Natasha
  1552 | D:2      | Killed Natasha
  1552 | D:2      | Reached XP level 4. HP: 35/35 MP: 4/4
  2103 | D:2      | Noticed Crazy Yiuf
  2789 | D:2      | Found a radiant altar of Vehumet.
  2863 | D:2      | Reached skill level 5 in Unarmed Combat
  3304 | D:1      | HP: 3/35 [Crazy Yiuf/quarterstaff of chaos (8)]
  3304 | D:1      | Slain by Crazy Yiuf

Vanquished Creatures
  Natasha (D:2)
  A worm (D:2)
  3 dart slugs
  3 giant geckos
  A ball python (D:1)
  7 bats
  5 giant cockroaches
  8 hobgoblins
  3 giant newts
  19 goblins
  6 kobolds (D:1)
  6 rats
63 creatures vanquished.
